 Dungeon Crawl Stone Soup version 0.29.0-15-g675c0067aa (webtiles) character file.

Game seed: 9371922619734303596

235 qw the Chopper (level 5, -3/45 HPs)
             Began as a Minotaur Berserker on Sept 12, 2022.
             Was a Priest of Trog.
             Slain by an iguana (8 damage)
             ... on level 5 of the Dungeon.
             The game lasted 00:01:06 (4001 turns).

qw the Chopper (Minotaur Berserker)                 Turns: 4001, Time: 00:01:06

Health: -3/45      AC: 11    Str: 23    XL:     5   Next: 76%
Magic:  4/4        EV:  7    Int:  4    God:    Trog [***...]
Gold:   196        SH:  0    Dex: 10    Spells: 4/4 levels left

rFire   . . .      SeeInvis +   Y - +2 hand axe
rCold   . . .      Faith    .   (no shield)
rNeg    . . .      Spirit   .   c - +0 plate armour
rPois   .          Reflect  .   (helmet restricted)
rElec   .          Harm     .   (no cloak)
rCorr   .          Rampage  .   (no gloves)
Will    .....                   (no boots)
Stlth   ..........              (no amulet)
HPRegen 0.15/turn               l - ring of see invisible
MPRegen 0.09/turn               (no ring)

@: about to teleport, on berserk cooldown, slowed, very slow
A: horns 2, retaliatory headbutt
a: Renounce Religion, Berserk, Trog's Hand


You were on level 5 of the Dungeon.
You worshipped Trog.
Trog was most pleased with you.
You visited 1 branch of the dungeon, and saw 5 of its levels.

You collected 196 gold pieces.


Innate Abilities, Weirdness & Mutations

You have a pair of horns on your head.
You reflexively headbutt those who attack you in melee.


   Skills:
 - Level 3.6 Fighting
 - Level 7.7 Axes
 - Level 1.0 Throwing
 + Level 2.4 Armour
 - Level 2.1 Dodging


You had 4 spell levels left.
You didn't know any spells.
Your spell library was empty.

Inventory:

Hand Weapons
 m - a +0 mace
 Y - a +2 hand axe (weapon)
Missiles
 b - 6 silver javelins (quivered)
Armour
 c - a +0 plate armour (worn)
Jewellery
 l - a ring of see invisible (left hand)
Scrolls
 f - 2 scrolls of identify
Potions
 a - a potion of resistance {unknown}
 e - a potion of degeneration {unknown}
 g - a potion of mutation {unknown}
 h - a potion of lignification {unknown}
 i - 2 potions of might

Dungeon Overview and Level Annotations

Branches:
Dungeon (5/15)
 Temple: D:4-7

Altars:
Vehumet


Message History

The slug dart hits you but does no damage.
You enter the shallow water.
Moving in this stuff is going to be slow.
You are no longer berserk.
You are exhausted.
You feel yourself slow down.
You see here a dart slug corpse.
The iguana bites you but does no damage.
The dart slug launches a dart at you.
The slug dart hits you but does no damage.
The iguana barely misses you. The dart slug launches a dart at you.
The slug dart misses you.
You hit the iguana. Your headbutt misses the iguana.
The iguana is moderately wounded.
The iguana barely misses you.
Your unstable footing causes you to fumble your attack.
The iguana bites you but does no damage. x2
The dart slug launches a dart at you.
The slug dart hits you but does no damage.
You hit the iguana but do no damage. Your headbutt misses the iguana.
The iguana is moderately wounded.
The iguana barely misses you. The dart slug launches a dart at you.
The slug dart misses you.
You hit the iguana.
The iguana is heavily wounded.
The iguana barely misses you. The dart slug launches a dart at you.
The slug dart hits you.
You completely miss the iguana. Your headbutt misses the iguana.
The iguana is heavily wounded.
The iguana bites you! The iguana barely misses you.
The dart slug launches a dart at you.
The slug dart hits you but does no damage.
4001 ||| READING scroll of teleportation.
As you read the scroll of teleportation, it crumbles to dust.
You feel strangely unstable. The iguana bites you!
You die...

.##### # ..... .#
######..#####.###
....#~~l~~......
##.~~~@~~~)#.#
##~#~~~%#~~~~.# #
#~~~#~$7.%~~~~#..
.#~~~~..~.~~~~...#
#~w#~~~7~~~~~w~###
~~#~~~~.~~~~ww~~.
~~~~~~$$.~~~~~~~#.
~~~~~~.<.~~~~~~...
~~~~~~...~~~#~~~##


You could see an iguana and 3 dart slugs.

Vanquished Creatures
  An ogre (D:5)
  A hound (D:4)
  A gnoll (D:1)
  An adder (D:4)
  4 worms
  6 dart slugs
  An orc (D:4)
  3 endoplasms
  4 giant cockroaches
  9 goblins
  3 hobgoblins
  7 jackals
  4 quokkas
  7 ball pythons
  12 bats
  3 frilled lizards (D:1)
  7 kobolds
  8 rats
82 creatures vanquished.

Vanquished Creatures (others)
  A fungus (D:1)
1 creature vanquished.

Grand Total: 83 creatures vanquished

Notes
Turn   | Place    | Note
-------+----------+-------------------------------------------
     0 | D:1      | qw the Minotaur Berserker began the quest for the Orb.
     0 | D:1      | Reached XP level 1. HP: 19/19 MP: 0/0
     0 | D:1      | 0 ||| qw: Version: 0.1-a-119-g272c26d
     0 | D:1      | 0 ||| qw: Game counter: 10801
     0 | D:1      | 0 ||| qw: Always use a shield: true
     0 | D:1      | 0 ||| qw: Do Orc after D:15 true
     0 | D:1      | 0 ||| qw: Do second Lair branch before Depths: true
     0 | D:1      | 0 ||| qw: Lair rune preference: random
     0 | D:1      | 0 ||| qw: Plans: Normal
     0 | D:1      | 0 ||| PLANNING D:1-11
    83 | D:1      | Reached skill level 4 in Axes
   179 | D:1      | 179 ||| INVOKING Berserk.
   182 | D:1      | Reached XP level 2. HP: 26/26 MP: 1/1
   390 | D:1      | Reached skill level 5 in Axes
   400 | D:1      | 400 ||| Stepping ~*~*~tactically~*~*~ (stealth).
   405 | D:1      | Reached XP level 3. HP: 26/31 MP: 2/2
   572 | D:1      | Found a faded altar of an unknown god.
   665 | D:1      | Reached ** piety under Trog
   832 | D:1      | 832 ||| Stepping ~*~*~tactically~*~*~ (stealth).
   990 | D:1      | 990 ||| UPGRADING to +0 scale mail.
  1000 | D:1      | 1000 ||| DROPPING +0 animal skin.
  1001 | D:1      | 1001 ||| UPGRADING to ring of see invisible.
  1002 | D:1      | 1002 ||| READING scroll labelled HYJATT SYFIJEPS.
  1003 | D:1      | 1003 ||| READING scroll labelled PEHIOR KODDO.
  1004 | D:1      | 1004 ||| READING 2 scrolls labelled BAK ILEFRAMOU.
  1007 | D:1      | 1007 ||| DRINKING 2 fuming sapphire potions.
  1108 | D:1      | 1108 ||| DROPPING potion of ambrosia.
  1128 | D:2      | 1128 ||| INVOKING Berserk.
  1250 | D:2      | Found a radiant altar of Vehumet.
  1257 | D:2      | 1257 ||| INVOKING Berserk.
  1489 | D:2      | Identified the +8 quarterstaff of Atet {freeze, rC+}
  1553 | D:2      | 1553 ||| Stepping ~*~*~tactically~*~*~ (hiding).
  1790 | D:2      | Identified the +0 spear "Riunag" {spect, rPois}
  1922 | D:2      | 1922 ||| Stepping ~*~*~tactically~*~*~ (stealth).
  2045 | D:2      | 2045 ||| READING scroll labelled ECOTUACKAU.
  2046 | D:2      | 2046 ||| DRINKING 2 murky grey potions.
  2047 | D:2      | 2047 ||| DRINKING 3 bubbling puce potions.
  2048 | D:2      | 2048 ||| DROPPING potion of invisibility.
  2167 | D:3      | 2167 ||| Stepping ~*~*~tactically~*~*~ (stealth).
  2169 | D:3      | 2169 ||| INVOKING Berserk.
  2172 | D:3      | Reached skill level 1 in Throwing
  2172 | D:3      | Reached XP level 4. HP: 39/39 MP: 3/3
  2818 | D:3      | Reached skill level 6 in Axes
  2820 | D:3      | 2820 ||| READING scroll of enchant weapon.
  2820 | D:3      | 2820 ||| ENCHANTING +1 hand axe.
  2886 | D:3      | 2886 ||| UPGRADING to +0 plate armour.
  2896 | D:3      | 2896 ||| DROPPING +0 scale mail.
  2933 | D:4      | Identified the +1 dagger "Dot Onn" {vamp, Str+4}
  3219 | D:4      | 3219 ||| Stepping ~*~*~tactically~*~*~ (stealth).
  3220 | D:4      | 3220 ||| Stepping ~*~*~tactically~*~*~ (stealth).
  3222 | D:4      | 3222 ||| Stepping ~*~*~tactically~*~*~ (hiding).
  3223 | D:4      | 3223 ||| Stepping ~*~*~tactically~*~*~ (hiding).
  3451 | D:4      | 3451 ||| Stepping ~*~*~tactically~*~*~ (hiding).
  3539 | D:4      | 3539 ||| Stepping ~*~*~tactically~*~*~ (stealth).
  3544 | D:4      | Reached XP level 5. HP: 45/45 MP: 4/4
  3731 | D:4      | Reached *** piety under Trog
  3948 | D:4      | 3948 ||| DROPPING +0 club.
  3949 | D:4      | 3949 ||| READING 2 scrolls labelled TEC MOPPUEPS.
  3950 | D:4      | 3950 ||| DROPPING scroll of poison.
  3951 | D:4      | 3951 ||| READING 2 scrolls of teleportation.
  3975 | D:5      | Entered Level 5 of the Dungeon
  3976 | D:5      | Noticed an ogre
  3987 | D:5      | 3987 ||| INVOKING Berserk.
  3991 | D:5      | Killed an ogre
  3992 | D:5      | Reached skill level 7 in Axes
  4000 | D:5      | HP: 5/45 [iguana (7)]
  4001 | D:5      | 4001 ||| READING scroll of teleportation.
  4001 | D:5      | Slain by an iguana

Levels and vault maps discovered:
D:1:      amcnicky_arrival_choice, layout_basic,
          shapermc_ecumenical_altar_hornbeckon, kennysheep_minor_cross
D:2:      layout_basic, basic_altar, serial_forest,
          infiniplex_forest_lined_corner, infiniplex_forest_zigzag_1,
          infiniplex_forest_lined_room_2, infiniplex_forest_corner_1,
          infiniplex_forest_corner_1, infiniplex_forest_straight_1,
          grunt_decor_mini_mirrors
D:3:      layout_loops_cross, minmay_crystal_water, grunt_ministairs_13,
          serial_bayou_pond_d
D:4:      layout_cave_pods, hangedman_abyss_or_decor_jellyfish_corner
D:5:      kennysheep_slugbush, layout_loops_ring, doesnt_xom_only_xom,
          uniq_edmund

Skill      XL: |  1  2  3  4  5 |
---------------+----------------+-----
Axes           | 4 5 6 7 |  7.7
Throwing       | 1 |  1.0
Fighting       | |  3.6
Armour         | |  2.4
Dodging        | |  2.1

Action                   |  1- 3 |  4- 6 || total
-------------------------+-------+-------++-------
Melee: Hand axe          |    87 |    45 ||   132
       Headbutt          |    10 |     6 ||    16
       Punch             |       |     1 ||     1
Throw: Javelin           |     8 |    23 ||    31
Invok: Berserk           |     4 |     1 ||     5
  Use: Scroll            |     4 |     4 ||     8
       Potion            |     3 |       ||     3
Armor: Animal skin       |     8 |       ||     8
       Scale mail        |    21 |     8 ||    29
       Plate armour      |       |    20 ||    20
Dodge: Dodged            |    46 |    27 ||    73

Table legend:
 A = Non-vault XP
 B = Vault XP
 C = Vault XP percentage of total XP
 D = Non-vault monster count
 E = Vault monster count
 F = Vault count percentage of total count
                 A         B        C        D         E       F
            +---------+---------+-------+---------+---------+-------
      Total |     322 |      15 |   4.5 |      77 |       5 |   6.1
            +---------+---------+-------+---------+---------+-------
        D:1 |      59 |       0 |   0.0 |      29 |       0 |   0.0
        D:2 |      30 |       0 |   0.0 |      15 |       0 |   0.0
        D:3 |      29 |       3 |   9.4 |      17 |       2 |  10.5
        D:4 |      86 |       0 |   0.0 |      15 |       0 |   0.0
        D:5 |     118 |      12 |   9.2 |       1 |       3 |  75.0
            +---------+---------+-------+---------+---------+-------
